 Dungeon Crawl Stone Soup version 0.26.1-11-gd32895ea62 (webtiles) character file.

Game seed: 5697041311637956966

431 Almogavar the Covered (level 6, -2/47 HPs)
             Began as a Gnoll Wanderer on Apr 30, 2021.
             Slain by Grinder (3 damage)
             ... while paralysed by Grinder
             ... on level 4 of the Dungeon.
             The game lasted 00:12:29 (4287 turns).

Almogavar the Covered (Gnoll Wanderer)              Turns: 4287, Time: 00:12:30

Health: -2/47      AC: 13    Str: 17    XL:     6   Next: 99%
Magic:  11/11      EV:  2    Int: 16    God:
Gold:   190        SH:  0    Dex: 12    Spells: 11/12 levels left

rFire    + . .     SeeInvis .   e - +2 flail (pain)
rCold    + . .     Faith    .   (no shield)
rNeg     . . .     Spirit   .   d - +2 scale mail
rPois    .         Reflect  .   a - +1 helmet
rElec    .         Harm     .   y - scarf {rC+ rF+}
rCorr    .         Rampage  .   (no gloves)
Will     .....                  m - +0 pair of boots
Stlth    +.........             (no amulet)
HPRegen  0.15/turn              (no ring)
MPRegen  0.12/turn              (no ring)

@: paralysed
A: distributed training, fangs 1, strong nose
a: no special abilities


You were on level 4 of the Dungeon.
You visited 1 branch of the dungeon, and saw 4 of its levels.

You collected 190 gold pieces.

Inventory:

Hand Weapons
 e - a +2 flail of pain (weapon)
 t - a +1 flail of holy wrath
Missiles
 f - 38 arrows
 i - 98 stones
 k - 12 bolts
 q - 25 poisoned darts (quivered)
 r - 58 sling bullets
Armour
 a - a +1 helmet (worn)
 d - a +2 scale mail (worn)
 m - a +0 pair of boots (worn)
 x - a scarf of repulsion
 y - a scarf of resistance (worn)
Wands
 u - a wand of flame (19)
Scrolls
 b - 2 scrolls of amnesia
 c - 3 scrolls of teleportation
 g - a scroll of remove curse
 h - a scroll of fear {unknown}
 j - 2 scrolls of blinking
 o - a scroll of immolation {unknown}
 p - 3 scrolls of identify {unknown}
 s - 2 scrolls of fog {unknown}
 v - 2 scrolls of enchant weapon {unknown}
Potions
 l - a potion of haste {unknown}
 n - a potion of cancellation
 w - a potion of curing {unknown}


   Skills:
 + Level 3.4 Fighting
 + Level 2.2 Short Blades
 + Level 2.2 Long Blades
 + Level 2.2 Axes
 + Level 3.4 Maces & Flails
 + Level 2.2 Polearms
 + Level 2.2 Staves
 + Level 2.2 Slings
 + Level 2.2 Bows
 + Level 2.2 Crossbows
 + Level 2.2 Throwing
 + Level 6.9 Armour
 + Level 2.2 Dodging
 + Level 2.2 Stealth
 + Level 3.4 Shields
 + Level 2.2 Unarmed Combat
 + Level 3.6 Spellcasting
 + Level 4.2 Conjurations
 + Level 1.7 Hexes
 + Level 1.7 Summonings
 + Level 1.7 Necromancy
 + Level 1.7 Translocations
 + Level 1.7 Transmutations
 + Level 1.7 Fire Magic
 + Level 1.7 Ice Magic
 + Level 1.7 Air Magic
 + Level 1.7 Earth Magic
 + Level 1.7 Poison Magic
 + Level 2.4 Invocations
 + Level 3.4 Evocations


You had 11 spell levels left.
You knew the following spells:

 Your Spells              Type           Power        Failure   Level
a - Sandblast             Erth           16%          26%         1

Your spell library contained the following spells:

 Spells                   Type           Power        Failure   Level
 Stone Arrow              Conj/Erth      24%          43%         3


Dungeon Overview and Level Annotations

Branches:
Dungeon (4/15)
 Temple: D:4-7

Altars:
Gozag
Kikubaaqudgha
Nemelex Xobeh
Trog
Vehumet

Annotations:
D:4 Grinder


Innate Abilities, Weirdness & Mutations

Your experience applies equally to all skills.
You have very sharp teeth.
Your uncanny sense of smell can sniff out nearby items.


Message History

You barely miss Grinder. Your bite misses Grinder.
Grinder is lightly wounded.
Grinder hits you.
You writhe in agony.
* * * LOW HITPOINT WARNING * * *
You hit Grinder but do no damage.
Grinder is lightly wounded.
Grinder gestures at you.
You suddenly lose the ability to move!
Grinder hits you.
* * * LOW HITPOINT WARNING * * *
You writhe in agony.
* * * LOW HITPOINT WARNING * * *
Grinder gestures at you.
You shrug off the repeated paralysis!
Grinder hits you but does no damage. Grinder gestures at you.
You resist with significant effort. Grinder hits you.
* * * LOW HITPOINT WARNING * * *
You writhe in agony.
You die...

.# #.# #.# #. #.#
#.# ยง. #.# #.# #.
#.# #.# ( #.# #.#.#
#######.####.#(#
...............###.#
............@..(....
#######.####5######.
#.# #.# #.# #.. #.#
##.# #.# .# #.# .#
#.# .# #.#


You could see Grinder.

Vanquished Creatures
  Edmund (D:4)
  A scorpion (D:4)
  An orc wizard (D:4)
  Ijyb (D:3)
  Terence (D:2)
  4 gnolls (D:4)
  3 adders
  3 worms
  5 dart slugs
  2 leopard geckos
  5 orcs
  7 giant cockroaches
  6 goblins
  12 hobgoblins
  11 jackals
  5 kobolds
  A quokka (D:1)
  A ball python (D:1)
  12 bats
  3 frilled lizards
  A leopard gecko skeleton (D:4)
  9 rats
95 creatures vanquished.

Vanquished Creatures (others)
  An adder skeleton (D:4)
  A frilled lizard (D:4)
  20 plants (D:4)
22 creatures vanquished.

Grand Total: 117 creatures vanquished

Notes
Turn   | Place    | Note
-------+----------+-------------------------------------------
     0 | D:1      | Almogavar the Gnoll Wanderer began the quest for the Orb.
     0 | D:1      | Almogavar set off with the following items: a +0 club, a
                  | scroll of teleportation, a +2 scale mail; and the following
                  | spell memorised: Sandblast; and the following spells
                  | available to memorise: Stone Arrow
     0 | D:1      | Reached XP level 1. HP: 17/17 MP: 4/4
   146 | D:1      | Reached XP level 2. HP: 23/23 MP: 5/5
   538 | D:1      | Reached XP level 3. HP: 28/28 MP: 7/7
  1073 | D:2      | Noticed Terence
  1076 | D:2      | Reached skill level 1 in Invocations
  1155 | D:2      | Killed Terence
  1156 | D:2      | Reached skill level 1 in Short Blades
  1156 | D:2      | Reached skill level 1 in Long Blades
  1156 | D:2      | Reached skill level 1 in Axes
  1156 | D:2      | Reached skill level 1 in Polearms
  1156 | D:2      | Reached skill level 1 in Staves
  1156 | D:2      | Reached skill level 1 in Slings
  1156 | D:2      | Reached skill level 1 in Bows
  1156 | D:2      | Reached skill level 1 in Crossbows
  1156 | D:2      | Reached skill level 1 in Throwing
  1156 | D:2      | Reached skill level 1 in Dodging
  1156 | D:2      | Reached skill level 1 in Stealth
  1156 | D:2      | Reached skill level 1 in Unarmed Combat
  1156 | D:2      | Reached XP level 4. HP: 27/34 MP: 8/8
  1387 | D:2      | Found an opulent altar of Gozag.
  2018 | D:2      | Reached skill level 1 in Hexes
  2018 | D:2      | Reached skill level 1 in Summonings
  2018 | D:2      | Reached skill level 1 in Necromancy
  2018 | D:2      | Reached skill level 1 in Translocations
  2018 | D:2      | Reached skill level 1 in Transmutations
  2018 | D:2      | Reached skill level 1 in Fire Magic
  2018 | D:2      | Reached skill level 1 in Ice Magic
  2018 | D:2      | Reached skill level 1 in Air Magic
  2018 | D:2      | Reached skill level 1 in Earth Magic
  2018 | D:2      | Reached skill level 1 in Poison Magic
  2478 | D:3      | Reached XP level 5. HP: 27/40 MP: 9/9
  2635 | D:3      | Found an ancient bone altar of Kikubaaqudgha.
  2812 | D:3      | Found a bloodstained altar of Trog.
  2815 | D:3      | Noticed Ijyb
  2895 | D:3      | Killed Ijyb
  3152 | D:3      | Found a faded altar of an unknown god.
  3458 | D:4      | Reached XP level 6. HP: 25/47 MP: 9/11
  3631 | D:4      | Found a sparkling altar of Nemelex Xobeh.
  3929 | D:4      | Noticed Edmund
  3951 | D:4      | Killed Edmund
  4202 | D:4      | Found a radiant altar of Vehumet.
  4272 | D:4      | Noticed Grinder
  4283 | D:4      | Paralysed by Grinder for 5 turns
  4287 | D:4      | HP: 1/47 [Grinder (4)]
  4287 | D:4      | Slain by Grinder

Illustrated notes

Levels and vault maps discovered:
D:1:      nicolae_arrival_memento_mori, layout_basic, st_stairs_7
D:2:      layout_loops_cross, grunt_gozag_statues, uniq_terence
D:3:      layout_basic, kiku_gazebo_pond_becter, general_overflow_altar,
          chequers_ecumenical_altar_twisty, minmay_misc_feat_rows, uniq_ijyb
D:4:      layout_basic, vehumet_crystals, grunt_qazlal_clouds,
          old_standard_altar, serial_bayou_lagoon_a,
          hangedman_decor_diamond_cutter, uniq_grinder, uniq_eustachio,
          uniq_edmund

Skill      XL: |  1  2  3  4  5  6 |
---------------+-------------------+-----
Invocations    | 1 2 |  2.4
Short Blades   | 1 2 |  2.2
Long Blades    | 1 2 |  2.2
Axes           | 1 2 |  2.2
Polearms       | 1 2 |  2.2
Staves         | 1 2 |  2.2
Slings         | 1 2 |  2.2
Bows           | 1 2 |  2.2
Crossbows      | 1 2 |  2.2
Throwing       | 1 2 |  2.2
Dodging        | 1 2 |  2.2
Stealth        | 1 2 |  2.2
Unarmed Combat | 1 2 |  2.2
Spellcasting   | 3 |  3.6
Hexes          | 1 |  1.7
Summonings     | 1 |  1.7
Necromancy     | 1 |  1.7
Translocations | 1 |  1.7
Transmutations | 1 |  1.7
Fire Magic     | 1 |  1.7
Ice Magic      | 1 |  1.7
Air Magic      | 1 |  1.7
Earth Magic    | 1 |  1.7
Poison Magic   | 1 |  1.7
Fighting       | 3 |  3.4
Maces & Flails | 3 |  3.4
Shields        | 3 |  3.4
Conjurations   | 4 |  4.2
Evocations     | 3 |  3.4
Armour         | |  6.9

Action                   |  1- 3 |  4- 6 || total
-------------------------+-------+-------++-------
Melee: Club              |    13 |       ||    13
       Bite              |    16 |    33 ||    49
       Whip              |   156 |   165 ||   321
       Punch             |     1 |     3 ||     4
       Flail             |       |   138 ||   138
       Unarmed           |       |     1 ||     1
Throw: Stone             |     7 |    11 ||    18
       Dart              |       |    36 ||    36
  Use: Scroll            |     2 |     2 ||     4
       Potion            |       |     2 ||     2
Armor: Scale mail        |   119 |   202 ||   321
       Skin              |       |     1 ||     1
Dodge: Dodged            |   104 |   210 ||   314
